 Dungeon Crawl Stone Soup version 0.24.0-123-gd5b16e6ec5 (webtiles) character file.

Game seed: 5085016025129729779, levelgen mode: deterministic

68 Notrik the Skirmisher (level 4, -5/42 HPs)
             Began as a Hill Orc Fighter on Feb 7, 2020.
             Killed from afar by Sigmund (6 damage)
             ... with a puff of flame
             ... on level 2 of the Dungeon.
             The game lasted 00:02:59 (1476 turns).

Notrik the Skirmisher (Hill Orc Fighter)            Turns: 1476, Time: 00:03:00

Health: -5/42      AC:  6    Str: 19    XL:     4   Next: 19%
Magic:  4/4        EV:  7    Int:  8    God:
Gold:   100        SH:  9    Dex: 10    Spells: 3/3 levels left

rFire    . . .     SeeInvis .   a - +0 war axe
rCold    . . .     Gourm    .   c - +0 shield
rNeg     . . .     Faith    .   b - +0 scale mail
rPois    .         Spirit   .   (no helmet)
rElec    .         Reflect  .   (no cloak)
rCorr    .         Harm     .   (no gloves)
MR       .....                  (no boots)
Stlth    ..........             (no amulet)
HPRegen  0.14/turn              (no ring)
MPRegen  0.09/turn              (no ring)

@: no status effects
A: no striking features
a: no special abilities


You were on level 2 of the Dungeon.
You were not hungry.

You visited 1 branch of the dungeon, and saw 2 of its levels.

You collected 100 gold pieces.

Inventory:

Hand Weapons
 a - a +0 war axe (weapon)
Armour
 b - a +0 scale mail (worn)
 c - a +0 shield (worn)
 h - a +0 cloak
   (You found it on level 1 of the Dungeon)
Jewellery
 o - an uncursed ring of ice {unknown}
   (You found it on level 2 of the Dungeon)
Scrolls
 f - a scroll of remove curse {unknown}
 g - a scroll of immolation {unknown}
 i - 4 scrolls of identify {unknown}
 j - a scroll of amnesia {unknown}
 l - a scroll of random uselessness {unknown}
 n - a scroll of enchant weapon {unknown}
Potions
 d - a potion of might
 m - 2 potions of flight {unknown}
Comestibles
 e - 6 rations {!d}
 k - 4 chunks of flesh


   Skills:
 * Level 5.3 Fighting
 - Level 2.6 Axes
 - Level 3.2 Armour
 + Level 4.0 Shields


You had 3 spell levels left.
You didn't know any spells.
Your spell library was empty.

Dungeon Overview and Level Annotations

Branches:
Dungeon (2/15)

Altars:
Xom

Annotations:
D:2 Sigmund


Message History

The leopard gecko bites you but does no damage.
You block the leopard gecko's attack.
You completely miss the leopard gecko. You block the leopard gecko's attack.
You closely miss the leopard gecko.
The leopard gecko bites you but does no damage.
The leopard gecko barely misses you.
You hit the leopard gecko.
You kill the leopard gecko!
No target in view!
No target in view!
No target in view!
No target in view!
No target in view!
No target in view!
No target in view!
You butcher the leopard gecko corpse.
k - 5 chunks of flesh (gained 1)
You see here a leopard gecko skeleton. x2
Some of the chunks of flesh in your inventory have rotted away.
Found 25 stones.
You see here a quokka skeleton.
You see here a poisoned dart.
You see here a poisoned dart.
Sigmund the Dreaded comes into view.
He is wielding a +0 scythe.
Sigmund drinks a potion.
Sigmund seems to grow stronger.
Sigmund hits you from afar with a +0 scythe.
Your shield and scale mail prevent you from hitting Sigmund.
Sigmund barely misses you.
You barely miss Sigmund. Sigmund hits you with a +0 scythe.
You hit Sigmund. Sigmund hits you with a +0 scythe!
Your shield and scale mail prevent you from hitting Sigmund.
You block Sigmund's attack.
You closely miss Sigmund. You block Sigmund's attack.
You hit Sigmund. Sigmund hits you with a +0 scythe.
You hit Sigmund. Sigmund barely misses you.
You hit Sigmund. Sigmund barely misses you.
You hit Sigmund. You block Sigmund's attack.
You closely miss Sigmund. Sigmund casts a spell at you.
You resist with some effort.
You hit Sigmund. Sigmund hits you with a +0 scythe!
* * * LOW HITPOINT WARNING * * *
You hit Sigmund. Sigmund casts a spell at you. The puff of flame hits you!
* * * LOW HITPOINT WARNING * * *
Sigmund screams, "Die, monster!"
Sigmund points at you and mumbles some strange words.
The puff of flame hits you.
You die...

### # #.. .###
#.####....# #...@@..#
#..##.###. #..##.....
#....################
#..#.#####...........
##.#..........#######
##.#.#####.##.##....#
#....# #..#.##....#
#..#.#####._..##....#


You could see Sigmund.

Vanquished Creatures
  An adder skeleton (D:2)
  A worm (D:2)
  A dart slug (D:2)
  2 leopard geckos
  3 giant cockroaches
  5 goblins (D:1)
  13 hobgoblins
  2 quokkas (D:2)
  A ball python (D:1)
  4 bats
  3 frilled lizards (D:1)
  13 kobolds
  6 rats
55 creatures vanquished.

Notes
Turn   | Place    | Note
-------+----------+-------------------------------------------
     0 | D:1      | Notrik the Hill Orc Fighter began the quest for the Orb.
     0 | D:1      | Reached XP level 1. HP: 19/19 MP: 1/1
    69 | D:1      | Reached skill level 4 in Fighting
    85 | D:1      | Reached XP level 2. HP: 26/27 MP: 2/2
   380 | D:1      | Reached XP level 3. HP: 29/34 MP: 3/3
   928 | D:2      | Reached skill level 5 in Fighting
   973 | D:2      | Found a shimmering altar of Xom.
  1131 | D:2      | Reached XP level 4. HP: 29/42 MP: 4/4
  1461 | D:2      | Noticed Sigmund
  1476 | D:2      | HP: 1/42 [Sigmund/puff of flame (13)]
  1476 | D:2      | Killed from afar by Sigmund

Levels and vault maps discovered:
D:1:      minmay_arrival_plants_in_alcoves, layout_basic, minmay_vboxes
D:2:      layout_basic, overflow_temple_1_default, uniq_sigmund

Skill      XL: |  1  2  3 |
---------------+----------+-----
Fighting       | 4 5 |  5.3
Shields        | 4 |  4.0
Axes           | |  2.6
Armour         | |  3.2

Action                   |  1- 3 |  4- 6 || total
-------------------------+-------+-------++-------
Melee: War axe           |   121 |    34 ||   155
  Use: Potion            |       |     1 ||     1
  Eat: Chunk             |     1 |     1 ||     2
Armor: Scale mail        |    54 |     8 ||    62
Dodge: Dodged            |    47 |     6 ||    53
Block: Shield            |    64 |    15 ||    79
